 Dungeon Crawl Stone Soup version 0.31.0-1-g2c135a008e (webtiles) character file.

Game seed: 10272057251155049988

602 qw the Shooter (level 7, 0/51 HPs)
             Began as a Djinni Hunter on Jan 24, 2024.
             Slain by an ice beast (1 damage)
             ... on level 5 of the Dungeon.
             The game lasted 00:00:14 (3619 turns).

qw the Shooter (Djinni Hunter)                      Turns: 3619, Time: 00:00:15

Health: 0/51       AC:  5    Str: 10    XL:     7   Next: 69%
Gold:   251        EV: 21    Int: 10    God:
                   SH:  0    Dex: 19

rFire   + + .        a - +0 shortbow
rCold   x . .        (shield currently unavailable)
rNeg    . . .        d - +0 ring mail
rPois   inf          (no helmet)
rElec   .            l - +2 cloak
rCorr   .            (no gloves)
SInv    .            (boots unavailable)
Will    .....        (no amulet)
Stlth   +            e - +5 ring of evasion
HPRegen 0.28/turn    b - +5 ring of evasion
MPRegen 0.00/turn

%: infuse magic (-1 HP)
@: about to teleport, corroded, flying
A: sickness immunity, fire resistance 2, cold vulnerability 1, float, innate
caster, HP casting, extra vitality 1
a: no special abilities


You were on level 5 of the Dungeon.
You visited 1 branch of the dungeon, and saw 5 of its levels.

You collected 251 gold pieces.


Innate Abilities, Weirdness & Mutations

You are immune to sickness and miasma.
You are immune to poison.
Your flesh is very heat resistant. (rF++)
You are vulnerable to cold. (rC-)
You float through the air rather than walking.
You learn spells naturally, not from books.
Your magical power is your life essence.
You have superior vitality. (+4 MHP)


   Skills:
 + Level 3.8 Fighting
 - Level 5.2 Ranged Weapons
 - Level 4.2 Armour
 - Level 3.2 Dodging
 - Level 0.7 Stealth


You knew the following spells:

 Your Spells              Type           Power      Damage    Failure   Level
a - Kiss of Death         Conj/Necr      0%         2d5       65%         1
b - Call Imp              Summ           0%         N/A       80%         2
c - Ensorcelled Hibernat  Hex/Ice        0%         N/A       80%         2
Your spell library was empty.

Inventory:

Hand Weapons
 a - a +0 shortbow (weapon)
Armour
 d - a +0 ring mail (worn)
 l - a +2 cloak (worn)
 m - the +2 robe of the Six Brambles {rF- Int+7}
   (You found it on level 5 of the Dungeon)

   Int+7:     It affects your intelligence (+7).
   rF-:       It makes you vulnerable to fire.
Jewellery
 b - a +5 ring of evasion (right hand)
 e - a +5 ring of evasion (left hand)
Wands
 j - a wand of flame (11)
Scrolls
 c - a scroll of identify
 f - a scroll of enchant armour
 h - 2 scrolls of teleportation
Potions
 g - 2 potions of enlightenment
 i - a potion of might
 k - a potion of resistance

Dungeon Overview and Level Annotations

Branches:
Dungeon (5/15)
 Temple: D:4-7

Altars:
Uskayaw

Annotations:
D:4 3 runed translucent doors, qw's ghost, amateur DjHu
D:5 Ijyb


Message History

You shoot an arrow. The arrow hits the ice beast.
The ice beast is moderately wounded.
Ijyb misses you. The ice beast hits you. The ice beast freezes you!
You feel a terrible chill! The ice beast closely misses you.
Ijyb completely misses you.
You shoot an arrow. The arrow hits the ice beast.
The ice beast is heavily wounded.
The ice beast completely misses you. Ijyb hits you but does no damage.
You shoot an arrow. The arrow hits the ice beast.
The ice beast is heavily wounded.
The ice beast closely misses you. Ijyb completely misses you.
You shoot an arrow.
The arrow hits the ice beast but does no damage.
The ice beast is heavily wounded.
The ice beast hits you. The ice beast freezes you!
You feel a terrible chill!
Ijyb hits you with a +1 dagger of venom.
You shoot an arrow.
The arrow hits the ice beast but does no damage.
The ice beast is heavily wounded.
Ijyb hits you but does no damage. The ice beast closely misses you.
The ice beast hits you but does no damage.
Ijyb zaps a wand.
The bolt of acid misses you.
You shoot an arrow. The arrow hits the ice beast.
The ice beast is heavily wounded.
The ice beast hits you. The ice beast freezes you!
You feel a terrible chill!
Ijyb grins evilly.
Ijyb hits you with a +1 dagger of venom.
3617 ||| READING 3 scrolls of teleportation.
As you read the scroll of teleportation, it crumbles to dust.
You feel strangely unstable. The ice beast completely misses you.
Ijyb hits you but does no damage.
You shoot an arrow.
The arrow hits the ice beast but does no damage.
The ice beast is heavily wounded.
The ice beast completely misses you.
Ijyb zaps a wand.
The bolt of acid hits you. The acid corrodes you!
You shoot an arrow. The arrow hits the ice beast.
The ice beast is severely wounded.
The ice beast hits you.
You die...

#.#......#
#.#
##...#.###
#.#
##.##...###.#
#..........#
#..#####.###
#..#...#.#
##.#.((#.#
#.#####.##
#......@.#
#..._..gY..#
#...[..#)##.#
#..#.## #. #
#..#. #. ..
.. #. .# ..
#. ..


You could see an ice beast, Ijyb and 2 dancing weapons.

Vanquished Creatures
  Sigmund (D:2)
  2 black bears (D:5)
  A howler monkey (D:5)
  A jelly (D:5)
  2 hounds
  An orc priest (D:3)
  3 adders
  A shadow imp (D:5)
  A ribbon worm (D:4)
  9 orcs
  6 ball pythons
  4 endoplasms
  2 giant cockroaches
  4 goblins
  7 hobgoblins
  4 jackals (D:1)
  3 quokkas
  4 bats
  4 frilled lizards
  12 kobolds
  6 rats
78 creatures vanquished.

Notes
Turn   | Place    | Note
-------+----------+-------------------------------------------
     0 | D:1      | qw the Djinni Hunter began the quest for the Orb.
     0 | D:1      | Reached XP level 1. HP: 18/18 MP: 0/0
     0 | D:1      | 0 ||| qw: Version: 0.3-a-136-gdd3b4e8
     0 | D:1      | 0 ||| qw: Game counter: 1336
     0 | D:1      | 0 ||| qw: Melee chars always use a shield: true
     0 | D:1      | 0 ||| qw: God list: Okawaru
     0 | D:1      | 0 ||| qw: Allow faded altars: false
     0 | D:1      | 0 ||| qw: Do Orc after clearing Dungeon:15 true
     0 | D:1      | 0 ||| qw: Do second Lair branch before Depths: true
     0 | D:1      | 0 ||| qw: Lair rune preference: random
     0 | D:1      | 0 ||| qw: Goals: Normal
     0 | D:1      | 0 ||| PLANNING D:1-11
   118 | D:1      | You are sucked into a shaft and drop 1 floor!
   164 | D:2      | Reached XP level 2. HP: 23/23 MP: 0/0
   437 | D:2      | 437 ||| UPGRADING to +5 ring of evasion.
   438 | D:2      | 438 ||| READING scroll labelled JAUNYFFI POS.
   439 | D:2      | 439 ||| READING 2 scrolls labelled FARRES WELEUZA.
   439 | D:2      | 439 ||| IDENTIFYING inky potion
   440 | D:2      | 440 ||| READING scroll of identify.
   440 | D:2      | 440 ||| IDENTIFYING yellow potion
   441 | D:2      | 441 ||| READING scroll labelled RULULE DICHY.
   441 | D:2      | 441 ||| ENCHANTING +0 shortbow.
   442 | D:2      | 442 ||| READING scroll labelled VUFAGOHOVOO.
   478 | D:2      | 478 ||| FLEEEEING.
   479 | D:2      | 479 ||| FLEEEEING.
   480 | D:2      | 480 ||| FLEEEEING.
   481 | D:2      | 481 ||| STAIRDANCE
   671 | D:1      | Reached skill level 4 in Ranged Weapons
   671 | D:1      | Reached XP level 3. HP: 28/28 MP: 0/0
   671 | D:1      | Learned a level 1 spell: Kiss of Death
  1069 | D:1      | 1069 ||| UPGRADING to +0 ring mail.
  1079 | D:1      | 1079 ||| DROPPING +0 leather armour.
  1080 | D:1      | 1080 ||| READING scroll of identify.
  1080 | D:1      | 1080 ||| IDENTIFYING glowing brown potion
  1081 | D:1      | 1081 ||| DROPPING scroll of butterflies.
  1082 | D:1      | 1082 ||| DROPPING potion of lignification.
  1083 | D:1      | 1083 ||| DROPPING potion of brilliance.
  1200 | D:2      | Noticed Sigmund
  1210 | D:2      | Killed Sigmund
  1211 | D:2      | Reached XP level 4. HP: 34/34 MP: 0/0
  1211 | D:2      | Reached XP level 5. HP: 39/39 MP: 0/0
  1211 | D:2      | Learned a level 2 spell: Call Imp
  1211 | D:2      | Reached XP level 6. HP: 45/45 MP: 0/0
  1266 | D:2      | Reached skill level 3 in Fighting
  1546 | D:2      | 1546 ||| UPGRADING to +5 ring of evasion.
  2278 | D:3      | 2278 ||| READING 4 scrolls of identify.
  2278 | D:3      | 2278 ||| IDENTIFYING fizzy yellow potion
  2279 | D:3      | 2279 ||| READING 3 scrolls of identify.
  2279 | D:3      | 2279 ||| IDENTIFYING 2 sedimented puce potions
  2280 | D:3      | 2280 ||| READING 2 scrolls of identify.
  2280 | D:3      | 2280 ||| IDENTIFYING scroll labelled HYCUAV FAGUBBI
  2281 | D:3      | 2281 ||| READING scroll of identify.
  2281 | D:3      | 2281 ||| IDENTIFYING 2 scrolls labelled AXUUPO HENUI
  2282 | D:3      | 2282 ||| DROPPING scroll of poison.
  2415 | D:4      | Found a runed translucent gate.
  2415 | D:4      | Found a runed translucent gate.
  2418 | D:4      | Found a runed translucent gate.
  2420 | D:4      | Noticed qw's ghost (amateur DjHu)
  3277 | D:4      | 3277 ||| UPGRADING to +2 cloak.
  3282 | D:4      | 3282 ||| DROPPING ring of ice.
  3308 | D:5      | Entered Level 5 of the Dungeon
  3338 | D:5      | Noticed a black bear
  3339 | D:5      | 3339 ||| ZAPPING wand of flame (19) at 4,-2 (black bear;
                  | floor).
  3344 | D:5      | 3344 ||| ZAPPING wand of flame (18) at 1,-1 (black bear;
                  | floor).
  3345 | D:5      | 3345 ||| ZAPPING wand of flame (17) at 1,-1 (black bear;
                  | floor).
  3346 | D:5      | 3346 ||| ZAPPING wand of flame (16) at 1,-1 (black bear;
                  | floor).
  3347 | D:5      | 3347 ||| ZAPPING wand of flame (15) at 1,-1 (black bear;
                  | floor).
  3347 | D:5      | Killed a black bear
  3348 | D:5      | Reached skill level 5 in Ranged Weapons
  3348 | D:5      | Reached XP level 7. HP: 49/50 MP: 0/0
  3348 | D:5      | Learned a level 2 spell: Ensorcelled Hibernation
  3411 | D:5      | Reached skill level 3 in Dodging
  3447 | D:5      | Identified the +2 robe of the Six Brambles {rF- Int+7}
  3493 | D:5      | 3493 ||| ZAPPING wand of flame (14) at -1,-1 (black bear;
                  | floor).
  3494 | D:5      | 3494 ||| ZAPPING wand of flame (13) at -1,-1 (black bear;
                  | floor).
  3495 | D:5      | 3495 ||| ZAPPING wand of flame (12) at -1,-1 (black bear;
                  | floor).
  3586 | D:5      | Noticed a +0 dagger
  3586 | D:5      | Noticed a +0 dagger
  3587 | D:5      | Found a hide-covered altar of Uskayaw.
  3602 | D:5      | Noticed Ijyb
  3616 | D:5      | HP: 7/51 [ice beast (16)]
  3617 | D:5      | 3617 ||| READING 3 scrolls of teleportation.
  3618 | D:5      | HP: 1/51 [Ijyb/bolt of acid (5)]
  3619 | D:5      | Slain by an ice beast

Levels and vault maps discovered:
D:1:      scummos_arrival_forest, layout_basic
D:2:      minmay_inner_zag, layout_loops_cross, serial_bayou_lake_a,
          uniq_sigmund
D:3:      layout_loops_cross, minmay_crystal_room
D:4:      layout_basic, gammafunk_ghost_necromancy
D:5:      layout_loops_ring, mainiacjoe_overflow_paths, dancing_weapons_uskayaw,
          minmay_temple_entry_nine_rooms, ebering_ghost_sewer_f,
          kennysheep_small_square, uniq_ijyb, uniq_pikel

Skill      XL: |  1  2  3  4  5  6  7 |
---------------+----------------------+-----
Ranged Weapons | 4 5 |  5.2
Armour         | 4 |  4.2
Fighting       | 3 |  3.8
Dodging        | 3 |  3.2
Stealth        | |  0.7

Action                     |  1- 3 |  4- 6 |  7- 9 || total
---------------------------+-------+-------+-------++-------
   Fire: Shortbow          |    91 |   139 |    56 ||   286
  Evoke: Wand              |       |     5 |     3 ||     8
    Use: Scroll            |     6 |     4 |     1 ||    11
 Armour: Leather armour    |    13 |       |       ||    13
         Ring mail         |     1 |    20 |    16 ||    37
  Dodge: Dodged            |    33 |    85 |    53 ||   171

Table legend:
 A = Non-vault XP
 B = Vault XP
 C = Vault XP percentage of total XP
 D = Non-vault monster count
 E = Vault monster count
 F = Vault count percentage of total count
                 A         B        C        D         E       F
            +---------+---------+-------+---------+---------+-------
      Total |     585 |     275 |  32.0 |      72 |       6 |   7.7
            +---------+---------+-------+---------+---------+-------
        D:1 |      33 |       0 |   0.0 |      21 |       0 |   0.0
        D:2 |      69 |     218 |  76.0 |      18 |       3 |  14.3
        D:3 |      91 |       2 |   2.2 |      19 |       1 |   5.0
        D:4 |      35 |       0 |   0.0 |       9 |       0 |   0.0
        D:5 |     357 |      55 |  13.3 |       5 |       2 |  28.6
            +---------+---------+-------+---------+---------+-------
